 Dungeon Crawl Stone Soup version 0.27-a0-124-g19cb506db8 (webtiles) character file.

Game seed: 10290595620851005264

4096 dickylongcocking the Tainter (level 10, -3/63 HPs)
             Began as an Octopode Venom Mage on Jan 25, 2021.
             Was an Initiate of Gozag.
             Slain by a wyvern (17 damage)
             ... on level 8 of the Dungeon.
             The game lasted 00:12:47 (12650 turns).

dickylongcocking the Tainter (Octopode Venom Mage) Turns: 12650, Time: 00:12:48

Health: -3/63      AC:  5    Str:  8 (9)  XL:     10   Next: 26%
Magic:  16/20      EV: 12    Int: 22 (23) God:    Gozag
Gold:   578        SH:  0    Dex:  3 (13) Spells: 9/22 levels left

rFire    . . .     SeeInvis .   n - staff of poison
rCold    + . .     Faith    .   (no shield)
rNeg     . . .     Spirit   .   (helmet restricted)
rPois    +         Reflect  .   (no amulet)
rElec    .         Harm     .   B - +4 ring of protection
rCorr    .         Rampage  .   (no ring)
Will     .....                  (no ring)
Stlth    ++........             (no ring)
HPRegen  0.20/turn              (no ring)
MPRegen  0.17/turn              (no ring)
                                (no ring)
                                (no ring)

@: radiating poison
A: almost no armour, stealthy swim, amphibious, 8 rings, constrict 8, camouflage
1, clever 1, cold resistance 1, strong 1, gelatinous body 1, MP-powered wands
a: Renounce Religion, Potion Petition, Call Merchant, Bribe Branch


You were on level 8 of the Dungeon.
You worshipped Gozag.
Gozag was pleased with you.
You visited 1 branch of the dungeon, and saw 9 of its levels.
You also visited: Ossuary.

You collected 1532 gold pieces.
You spent 504 gold pieces at shops.
You paid 450 gold pieces to Gozag.

Inventory:

Hand Weapons
 b - a -1 spear
Magical Staves
 n - an uncursed staff of poison (weapon)
 u - an uncursed staff of air
Jewellery
 B - a +4 ring of protection (left tentacle)
Scrolls
 a - a scroll of blinking
 c - a scroll of magic mapping {unknown}
 e - a scroll of torment {unknown}
 h - 6 scrolls of remove curse
 i - 2 scrolls of identify
 j - 4 scrolls of random uselessness {unknown}
 k - 4 scrolls of noise {unknown}
 m - 3 scrolls of enchant armour
 p - a scroll of teleportation
 r - 2 scrolls of immolation {unknown}
 s - a scroll of fog
 v - 2 scrolls of enchant weapon
 y - a scroll of amnesia {unknown}
Potions
 d - 2 potions of attraction {unknown}
 f - 4 potions of curing
 g - 6 potions of degeneration
 l - a potion of flight
 o - 4 potions of magic {unknown}
 q - 4 potions of lignification {unknown}
 t - 4 potions of mutation
 w - a potion of resistance
 z - a potion of brilliance
 A - a potion of might {unknown}


   Skills:
 * Level 3.9 Fighting
 - Level 2.0 Dodging
 - Level 2.6 Stealth
 * Level 6.6 Spellcasting
 * Level 6.9 Transmutations
 * Level 6.1 Fire Magic
 - Level 10.0 Poison Magic


You had 9 spell levels left.
You knew the following spells:

 Your Spells              Type           Power        Failure   Level
a - Sting                 Tmut/Pois      100%         1%          1
d - Olgreb's Toxic Radia  Pois           67%          1%          4
i - Ignite Poison         Fire/Tmut/Pois 57%          1%          3
p - Poisonous Vapours     Pois/Air       86%          1%          2
x - Mephitic Cloud        Conj/Pois/Air  32%          7%          3

Your spell library contained the following spells:

 Spells                   Type           Power        Failure   Level
 Beastly Appendage        Tmut           74%          1%          1
 Wereblood                Tmut           37%          1%          2
 Spider Form              Tmut/Pois      30%          1%          3
 Blade Hands              Tmut           18%          14%         5
 Ice Form                 Ice/Tmut       22%          21%         4
 Petrify                  Tmut/Erth      22%          21%         4
 Confusing Touch          Hex            7%           26%         3
 Gell's Gravitas          Tloc           3%           26%         3
 Yara's Violent Unravell  Hex/Tmut       11%          50%         5
 Metabolic Englaciation   Hex/Ice        3%           94%         5


Dungeon Overview and Level Annotations

Branches:
Dungeon (9/15)             Temple (0/1) D:4            Lair (0/6) D:8
Ossuary (visited)
    Orc: D:9-12

Altars:
Cheibriados
Dithmenos
Gozag
Nemelex Xobeh
Okawaru
Qazlal
Uskayaw
Vehumet
Xom

Shops:
D:7 }   D:8 =

Annotations:
D:7 2 transporters


Innate Abilities, Weirdness & Mutations

You cannot wear most types of armour.
You are very stealthy in the water. (Stealth+)
You are amphibious.
You can wear up to eight rings at the same time.
You can use your tentacles to constrict eight enemies at once.
Your skin changes colour to match your surroundings (Stealth+).
Your rubbery body absorbs attacks. (AC +1, EV +1)
Your mind is acute. (Int +2)
Your flesh is cold resistant. (rC+)
Your muscles are strong. (Str +2)
You expend magic power (3 MP) to strengthen your wands.


Message History

The wyvern bites you.
* * * LOW HITPOINT WARNING * * *
Unknown command.
Unknown command.
Okay, then. [a] - 390 gold - heal wounds and magic [b] - 672 gold - resistance, might, haste and brilliance [c] - 160 gold - heal wounds and curing Purchase which effect?
You no longer have enough gold to fund merchants seeking to open stores in the dungeon.
You feel much better. Magic courses through your body. The wyvern bites you!
* * * LOW HITPOINT WARNING * * *
Unknown command.
Unknown command.
Casting: Sting (safe; 1% risk of failure)
Confirm with . or Enter, or press ? or * to list all spells.
You feel a surge of power!
You begin to radiate toxic energy.
The wyvern looks even sicker.
The wyvern bites you!
You die...
Your body crumbles into a pile of gold.

.....................)...........
.................................
...............................(.
..........(......................
.................................
.................................
.................................
..........................<......
..........>....l@................
.................................
.................................
.................................
.................................
.P...P...........................
..P..............................
...P.........)...................
##...............................


You could see a wyvern (very poisoned).

Vanquished Creatures
  Prince Ribbit (D:6)
  A yak (D:8)
  Sigmund (D:6)
  A water moccasin (D:9)
  2 black bears
  2 orc warriors (D:8)
  An ice beast (D:5)
  2 sky beasts
  2 ogres
  5 centaurs
  2 big kobolds
  An elf zombie (D:7)
  8 bullfrogs
  5 scorpions
  3 wights (D:5)
  2 howler monkeys (D:7)
  A jelly (D:8)
  3 hounds
  A quasit (D:8)
  A centaur skeleton (D:8)
  2 orc priests (D:8)
  3 bullfrog skeletons
  2 human zombies
  3 orc wizards
  3 iguanas
  7 worker ants
  A hound zombie (D:7)
  A hound skeleton (D:4)
  5 mummies (Ossuary)
  A howler monkey skeleton (D:9)
  A howler monkey zombie (D:6)
  5 gnolls
  10 adders
  3 shadow imps
  An ufetubus (D:8)
  2 oozes
  An adder zombie (D:6)
  2 adder skeletons
  2 worms
  3 dart slugs
  5 leopard geckos
  10 orcs
  A ball python (D:1)
  2 giant cockroaches
  2 gnoll zombies (Ossuary)
  3 hobgoblins (D:1)
  8 jackals
  23 kobolds
  5 quokkas
  4 bats
  2 frilled lizards
  6 goblins
  2 goblin zombies (Ossuary)
  2 hobgoblin zombies (Ossuary)
  2 jackal zombies
  2 orc skeletons (D:7)
  3 orc zombies
  2 quokka skeletons
  A quokka zombie (D:5)
  9 rats
197 creatures vanquished.

Vanquished Creatures (collateral kills)
  A phantom (D:6)
  A gnoll (D:6)
2 creatures vanquished.

Vanquished Creatures (others)
  A quokka skeleton (D:4)
  12 fungi (D:8)
  23 plants
36 creatures vanquished.

Grand Total: 235 creatures vanquished

Notes
Turn   | Place    | Note
-------+----------+-------------------------------------------
     0 | D:1      | dickylongcocking the Octopode Venom Mage began the quest
                  | for the Orb.
     0 | D:1      | Reached XP level 1. HP: 11/11 MP: 3/3
   169 | D:1      | Reached skill level 4 in Poison Magic
   579 | D:1      | Reached XP level 2. HP: 17/17 MP: 1/5
   760 | D:1      | Learned a level 2 spell: Poisonous Vapours
  1185 | D:1      | Reached skill level 5 in Poison Magic
  1185 | D:1      | Reached XP level 3. HP: 21/21 MP: 1/6
  2097 | D:2      | Reached XP level 4. HP: 27/27 MP: 0/7
  2371 | D:2      | Reached skill level 6 in Poison Magic
  3847 | D:3      | Found an opulent altar of Gozag.
  3847 | D:3      | Found an iron altar of Okawaru.
  3852 | D:3      | Became a worshipper of Gozag Ym Sagoz the Greedy
  4063 | D:4      | Reached XP level 5. HP: 31/31 MP: 3/8
  4067 | D:4      | Learned a level 3 spell: Ignite Poison
  4752 | D:4      | Found a radiant altar of Vehumet.
  4760 | D:4      | Learned a level 3 spell: Mephitic Cloud
  4784 | D:4      | Reached skill level 7 in Poison Magic
  4784 | D:4      | Reached XP level 6. HP: 36/36 MP: 3/10
  5534 | D:4      | Found a staircase to the Ecumenical Temple.
  5702 | D:5      | Entered Level 5 of the Dungeon
  5702 | D:5      | Noticed a sky beast
  5733 | D:5      | Noticed an ice beast
  5741 | D:5      | Killed an ice beast
  5991 | D:5      | Found an ornate altar of the Wu Jian Council.
  5997 | D:5      | Reached XP level 7. HP: 37/41 MP: 1/12
  6009 | D:5      | Reached skill level 1 in Fire Magic
  6099 | D:5      | Found a shimmering altar of Xom.
  6099 | D:5      | Found a shimmering altar of Xom.
  6477 | D:5      | Reached skill level 8 in Poison Magic
  6700 | D:5      | Found a shadowy altar of Dithmenos.
  6910 | D:5      | Found a snail-covered altar of Cheibriados.
  6910 | D:5      | Found a hide-covered altar of Uskayaw.
  6910 | D:5      | Found a stormy altar of Qazlal.
  6951 | D:5      | Reached XP level 8. HP: 46/46 MP: 8/14
  7594 | D:5      | Found a snail-covered altar of Cheibriados.
  7946 | D:6      | Noticed Prince Ribbit
  7953 | D:6      | Killed Prince Ribbit
  8018 | D:6      | Reached skill level 5 in Spellcasting
  8093 | D:6      | Reached skill level 5 in Transmutations
  8098 | D:6      | Noticed Sigmund
  8100 | D:6      | Reached skill level 9 in Poison Magic
  8208 | D:6      | Killed Sigmund
  8209 | D:6      | Reached XP level 9. HP: 51/51 MP: 6/16
  8217 | D:5      | Learned a level 4 spell: Olgreb's Toxic Radiance
  8639 | D:7      | Found a transporter.
  8770 | D:7      | Found a transporter.
  8783 | D:7      | Reached skill level 1 in Fighting
  9219 | D:7      | Found a sand-covered staircase.
  9226 | Ossuary  | Entered an ossuary
 10540 | D:7      | Noticed a kobold demonologist
 10799 | D:7      | Found an iron altar of Okawaru.
 10862 | D:7      | Found Imetoun's Gadget Shoppe.
 10963 | D:8      | Reached skill level 5 in Fire Magic
 11092 | D:8      | Found a sparkling altar of Nemelex Xobeh.
 11419 | D:8      | Reached skill level 10 in Poison Magic
 11441 | D:8      | Reached XP level 10. HP: 37/63 MP: 0/19
 11442 | D:8      | Gained mutation: You expend magic power (3 MP) to
                  | strengthen your wands. [potion of mutation]
 11442 | D:8      | Gained mutation: Your mind is acute. (Int +2) [potion of
                  | mutation]
 11442 | D:8      | Gained mutation: Your muscles are strong. (Str +2) [potion
                  | of mutation]
 11442 | D:8      | Gained mutation: Your flesh is cold resistant. (rC+)
                  | [potion of mutation]
 11807 | D:8      | Found Atyttonk's Jewellery Emporium.
 11813 | D:8      | Bought a +4 ring of protection for 504 gold pieces
 12212 | D:8      | Found a staircase to the Lair.
 12648 | D:8      | HP: 1/63 [wyvern (6)]
 12650 | D:8      | Slain by a wyvern

Illustrated notes

Levels and vault maps discovered:
D:1:      eino_arrival_water_star, layout_basic, minmay_quantized
D:2:      layout_basic, hangedman_abyss_or_decor_lesser_grid,
          lexackson_kobold_supper
D:3:      minmay_recursive_quarters, layout_loops_ring,
          gammafunk_temple_overflow_elements
D:4:      layout_loops_corners, fiery_altar_vehumet, minmay_temple_entry_fiery
D:5:      layout_cave_pods, cheibriados_altar_1,
          nicolae_dithmenos_through_a_glass_darkly, minmay_misc_feat_rows,
          chequers_serial_rivers_marsh, doesnt_xom_only_xom
D:6:      layout_gridville, uniq_prince_ribbit1, uniq_sigmund
D:7:      gammafunk_wand_slinger, layout_rooms, nicolae_ossuary_entry_catacombs,
          serial_shops, kennysheep_mini_moat, okawaru_metal_pillars_3
D:8:      layout_layer_cave, nicolae_overflow_crystal_walls,
          grunt_lair_entry_orc_guard_hut, serial_shops, nicolae_shop_trees
D:9:      layout_loops_ring, grunt_qazlal_sundering, minmay_fractal_squares_5

Skill      XL: |  1  2  3  4  5  6  7  8  9 10 |
---------------+-------------------------------+-----
Poison Magic   | 4 5 6 7 8 9 10 | 10.0
Transmutations | 2 3 5 6 |  6.9
Spellcasting   | 3 4 5 6 |  6.6
Fire Magic     | 2 4 5 6 |  6.1
Fighting       | 3 |  3.9
Dodging        | |  2.0
Stealth        | |  2.6

Action                   |  1- 3 |  4- 6 |  7- 9 | 10-12 || total
-------------------------+-------+-------+-------+-------++-------
Melee: Spear             |    37 |    23 |       |       ||    60
       Constrict         |     5 |    10 |    26 |     1 ||    42
       Tentacles         |     7 |     8 |    20 |       ||    35
       Staff             |       |    20 |    77 |    15 ||   112
 Cast: Sting             |    16 |    16 |    19 |     9 ||    60
       Poisonous Vapours |    25 |    46 |    32 |       ||   103
       Ignite Poison     |       |     8 |    58 |    11 ||    77
       Mephitic Cloud    |       |       |    27 |     3 ||    30
       Olgreb's Toxic Ra |       |       |    20 |     9 ||    29
Invok: Potion Petition   |       |       |       |     1 ||     1
  Use: Scroll            |     4 |       |     6 |       ||    10
       Potion            |       |     1 |     6 |     6 ||    13
 Stab: Sleeping          |       |     2 |     1 |       ||     3
       Distracted        |       |     1 |       |       ||     1
Armor: Skin              |     3 |     3 |     7 |    13 ||    26
Dodge: Dodged            |    41 |    36 |    97 |    55 ||   229

Table legend: (Time is in decaauts)
 A = Elapsed time spent in this place.
 B = Non-inter-level travel time spent in this place.
 C = Inter-level travel time spent in this place.
 D = Time resting spent in this place.
 E = Time spent auto-exploring this place.
 F = Levels seen in this place.
 G = Mean time per level.
                   A        B        C        D        E       F      G
               +--------+--------+--------+--------+--------+-----+--------+
         Total |  12681 |  12459 |    222 |   3229 |   7664 |  10 | 1268.1 |
       Dungeon |  11399 |  11177 |    222 |   2310 |   7434 |   9 | 1266.6 |
       Ossuary |   1282 |   1282 |      0 |    919 |    230 |   1 | 1282.0 |
               +--------+--------+--------+--------+--------+-----+--------+

Top non-repeatable levels by time:
     D:5: 2148 daAuts
     D:4: 1712 daAuts
     D:1: 1670 daAuts
     D:8: 1569 daAuts
 Ossuary: 1282 daAuts
     D:3: 1186 daAuts
     D:2: 1166 daAuts
     D:6: 975 daAuts
     D:7: 853 daAuts
     D:9: 117 daAuts
